 Dungeon Crawl Stone Soup version 0.29.1-2-gbd0b4ee654 (webtiles) character file.

Game seed: 10791206738861678674

5862 raph the Tainter (level 10, -10/43 HPs)
             Began as a Felid Venom Mage on Oct 25, 2022.
             Was a Priest of Sif Muna.
             Killed from afar by a swamp worm (16 damage)
             ... with a harpoon shot
             ... on level 10 of the Dungeon.
             The game lasted 00:26:49 (17442 turns).

raph the Tainter (Felid Venom Mage)                Turns: 17442, Time: 00:26:50

Health: -10/43     AC:  2    Str:  4    XL:     10   Next: 52%
Magic:  31/31      EV: 25    Int: 20    God:    Sif Muna [***...]
Gold:   195        SH:  0    Dex: 18    Spells: 12/24 levels left
                                        Lives:  0   Deaths: 3

rFire   . . .      SeeInvis +   (weapon unavailable)
rCold   . . .      Faith    .   (shield unavailable)
rNeg    . . .      Spirit   .   (body armour unavailable)
rPois   .          Reflect  .   (helmet unavailable)
rElec   .          Harm     .   (cloak unavailable)
rCorr   .          Rampage  .   (gloves unavailable)
Will    +....                   (boots unavailable)
Stlth   ++........              o - amulet of the acrobat
HPRegen 0.14/turn               b - ring of magical power
MPRegen 0.22/turn               k - +4 ring of evasion

@: about to teleport, quick
A: very small, claws 1, fangs 3, see invisible, speed 1, shaggy fur 2, stealthy
paws, no weapons or thrown items, no armour, multi-lived
a: Renounce Religion, Channel Magic, Forget Spell


You were on level 10 of the Dungeon.
You worshipped Sif Muna.
Sif Muna was most pleased with you.
You visited 2 branches of the dungeon, and saw 12 of its levels.

You collected 572 gold pieces.
You spent 377 gold pieces at shops.

Inventory:

Jewellery
 b - a ring of magical power (left paw)
 c - a ring of protection from fire
 j - a ring of magical power
 k - a +4 ring of evasion (right paw)
 l - a ring of positive energy
 o - an amulet of the acrobat (around neck)
 p - an amulet of faith
 u - a ring of resist corrosion
 w - an amulet of magic regeneration
 E - a +4 ring of slaying
 I - a ring of ice
Wands
 s - a wand of paralysis (15)
 B - a wand of flame (2)
 C - a wand of light (4)
Scrolls
 i - 2 scrolls of amnesia
 t - 3 scrolls of teleportation
 v - 2 scrolls of fear
 F - a scroll of magic mapping
 H - 2 scrolls of identify
Potions
 a - 3 potions of magic
 d - a potion of haste
 e - 3 potions of heal wounds
 f - 2 potions of mutation
 g - 2 potions of flight
 h - 2 potions of ambrosia
 m - 4 potions of curing
 n - a potion of attraction
 q - 2 potions of might
 r - a potion of brilliance
 x - a potion of cancellation
 A - a potion of invisibility
 D - a potion of lignification
Miscellaneous
 y - a lightning rod (4/4)
 z - a phial of floods


   Skills:
 + Level 4.8 Fighting
 + Level 7.0 Dodging
 - Level 2.6 Stealth
 + Level 7.8 Spellcasting
 + Level 7.5 Conjurations
 + Level 4.0 Transmutations
 * Level 11.0 Poison Magic
 + Level 3.3 Invocations


You had 12 spell levels left.
You knew the following spells:

 Your Spells              Type           Power      Damage    Failure   Level
a - Sting                 Tmut/Pois      100%       1d8       1%          1
b - Ignite Poison         Fire/Tmut/Pois 27%        N/A       3%          3
c - Mephitic Cloud        Conj/Pois/Air  32%        N/A       1%          3
d - Olgreb's Toxic Radia  Pois           51%        N/A       1%          4
e - Foxfire               Conj/Fire      88%        2x1d8     1%          1

Your spell library contained the following spells:

 Spells                   Type           Power      Damage    Failure   Level
 Poisonous Vapours        Pois/Air       58%        N/A       1%          2
 Conjure Flame            Conj/Fire      22%        6-21      5%          3
 Apportation              Tloc           14%        N/A       9%          1
 Necrotise                Necr           28%        1d5       9%          1
 Summon Small Mammal      Summ           28%        N/A       9%          1
 Corpse Rot               Necr/Pois/Air  22%        N/A       19%         4
 Flame Wave               Conj/Fire      22%        2d8       19%         4
 Inner Flame              Hex/Fire       7%         N/A       26%         3
 Fire Storm               Conj/Fire      11%        8d3       100%        9


Dungeon Overview and Level Annotations

Branches:
Dungeon (11/15)            Temple (1/1) D:7
   Lair: D:8-11         Orc: D:9-12

Altars:
Ashenzari
Dithmenos
Fedhas
Gozag
Qazlal
Ru
Sif Muna
Vehumet
Xom
Zin

Shops:
D:1 !

Annotations:
D:5 3 runed translucent doors, p0werm0de's ghost, novice OpMo
D:10 1 transporter


Innate Abilities, Weirdness & Mutations

You have sharp claws.
You have razor-sharp teeth.
You have supernaturally acute eyesight. (SInv)
You cover ground quickly. (Speed+)
You are covered in thick fur. (AC +2)
Your paws help you pounce on unaware monsters.
You are incapable of wielding weapons or throwing items.
You cannot wear armour.
You gain extra lives every three experience levels.


Message History

The harpoon shot misses you.
Really walk into that net trap?
Okay, then.
Really walk into that net trap?
You avoid being caught in a net.
The swamp worm fires a harpoon shot at you.
The harpoon shot misses you.
The swamp worm fires a harpoon shot at you.
The harpoon shot misses you.
There is a net trap here.
Really walk into that net trap? [Y]es or [N]o only, please.
Really walk into that net trap? [Y]es or [N]o only, please.
Really walk into that net trap?
You avoid being caught in a net.
The swamp worm fires a harpoon shot at you.
The harpoon shot hits you!!
Ouch! That really hurt!
You are yanked forward by the harpoon shot.
You collide with the briar patch!
The briar patch is severely damaged.
* * * LOW HITPOINT WARNING * * *
You avoid being caught in a net.
There is a net trap, spattered with blood here.
Really walk into that net trap? [Y]es or [N]o only, please.
Really walk into that net trap? [Y]es or [N]o only, please.
Really walk into that net trap? [Y]es or [N]o only, please.
Really walk into that net trap?
Okay, then.
As you read the scroll of teleportation, it crumbles to dust.
You feel strangely unstable.
The swamp worm fires a harpoon shot at you.
The harpoon shot misses you.
The swamp worm fires a harpoon shot at you.
The harpoon shot hits you!
You die...

### #....#### ..# #.##....###
#.####.#####...##### .......#
#.........#####
.......############....#
#.###.....#w#♣#w#♣#..#.#
..>....####≈≈≈#≈≈≈##.#.######
######.#=[#PPP○PPPP#........# #
#©#©$+§^^^^@^©#©.#####.# #
#.#[$#PP○PPPPP#..#####.# #
#.####§≈#≈≈≈≈##...(..#.# #
##....##w#♣#w##...#.#.#.#
#####.....#########.#.#.#.#.##
#...#.##...........#....#....##
......##.##.#........#######..#
..>B...#...###.#........#.....#
..†....####.#...)....##.#.###.#


You could see 4 swamp worms.

Vanquished Creatures
  A boulder beetle (D:10)
  A manticore (D:8)
  Joseph (D:7)
  Maggie (D:8)
  3 kobold demonologists
  2 komodo dragons
  2 trolls (D:10)
  2 tarantellas (shapeshifter) (D:8)
  Sigmund (D:2)
  A wraith (D:10)
  A shadow (D:10)
  18 yaks
  Grum (D:9)
  A wyvern (D:9)
  2 steam dragons
  2 vampire mosquitoes (D:10)
  2 water moccasins (D:7)
  7 orc warriors
  A sky beast (D:8)
  2 ice beasts
  2 black bears
  2 centaurs
  A phantom (D:7)
  3 wolves (D:9)
  2 kobold brigands
  5 bullfrogs
  A gnoll sergeant (D:9)
  2 scorpions
  A wight (D:8)
  10 killer bees
  2 howler monkeys (D:10)
  2 gnoll boudas
  Crazy Yiuf (D:2)
  6 orc priests
  3 hounds
  7 iguanas
  Natasha (twice) (D:2)
  10 orc wizards
  Robin (D:2)
  9 gnolls
  5 adders
  2 white imps
  An ufetubus (D:5)
  2 worms
  4 dart slugs
  42 orcs
  4 ball pythons
  3 bats
  9 endoplasms
  4 giant cockroaches
  18 goblins
  8 hobgoblins
  5 jackals
  14 kobolds
  A quokka (D:2)
  8 frilled lizards
  5 rats
259 creatures vanquished.

Vanquished Creatures (collateral kills)
  2 vampire mosquitoes (D:10)
  A foxfire (D:4)
3 creatures vanquished.

Vanquished Creatures (others)
  307 foxfires
  34 plants
341 creatures vanquished.

Grand Total: 603 creatures vanquished

Notes
Turn   | Place    | Note
-------+----------+-------------------------------------------
     0 | D:1      | raph the Felid Venom Mage began the quest for the Orb.
     0 | D:1      | Reached XP level 1. HP: 7/7 MP: 4/4
     4 | D:1      | Got the Parchment of the Tainted Inferno
    82 | D:1      | Reached skill level 3 in Poison Magic
   411 | D:1      | Reached XP level 2. HP: 9/11 MP: 1/6
   520 | D:1      | Learned a level 2 spell: Poisonous Vapours
   578 | D:1      | Found a faded altar of an unknown god.
   906 | D:1      | Found Yquzis's Distillery.
  1255 | D:1      | Reached XP level 3. HP: 13/14 MP: 7/7
  1259 | D:1      | Learned a level 3 spell: Mephitic Cloud
  2084 | D:2      | Noticed Natasha
  2096 | D:2      | Killed Natasha
  2097 | D:2      | Reached skill level 4 in Poison Magic
  2235 | D:2      | Noticed Sigmund
  2251 | D:2      | Killed Sigmund
  2252 | D:2      | Reached XP level 4. HP: 18/18 MP: 0/9
  2252 | D:2      | Reached XP level 5. HP: 21/21 MP: 0/10
  2463 | D:2      | Learned a level 1 spell: Foxfire
  2492 | D:2      | Noticed Robin
  2520 | D:2      | Killed Robin
  2666 | D:2      | Gained mutation: You are covered in thick fur. (AC +2)
                  | [Felid growth]
  2666 | D:2      | Reached XP level 6. HP: 24/24 MP: 12/12
  3147 | D:2      | Noticed Natasha
  3159 | D:2      | Killed Natasha
  3296 | D:2      | Found a runed translucent door.
  3297 | D:2      | Noticed Crazy Yiuf
  3311 | D:2      | Killed Crazy Yiuf
  3537 | D:3      | Learned a level 4 spell: Olgreb's Toxic Radiance
  3681 | D:3      | Found a broken altar of Ashenzari.
  3716 | D:3      | Found a shadowy altar of Dithmenos.
  3759 | D:3      | Reached skill level 5 in Poison Magic
  4883 | D:4      | Learned a level 3 spell: Ignite Poison
  4993 | D:1      | Bought a potion of heal wounds for 65 gold pieces
  4993 | D:1      | Bought a potion of haste for 130 gold pieces
  5211 | D:4      | Identified the +3 whip of Valour {elec, rC+ rN+ Int-5}
  5231 | D:4      | Found a shimmering altar of Xom.
  5234 | D:4      | Noticed an angel
  5238 | D:4      | Found a glowing silver altar of Zin.
  5242 | D:4      | Noticed a water moccasin
  5269 | D:4      | Succumbed to a water moccasin's poison
  5270 | D:4      | Reached XP level 5. HP: 0/21 MP: 3/20
  5950 | D:5      | Entered Level 5 of the Dungeon
  5950 | D:5      | Found a stormy altar of Qazlal.
  5950 | D:5      | Found a blossoming altar of Fedhas.
  5974 | D:5      | Reached XP level 6. HP: 24/24 MP: 12/12
  6056 | D:5      | You fall into a shaft and drop 1 floor!
  6182 | D:6      | Noticed an ice beast
  6215 | D:6      | Killed an ice beast
  6517 | D:5      | Noticed a yak
  6517 | D:5      | Noticed a yak
  6523 | D:5      | Noticed a yak
  6526 | D:5      | Noticed a yak
  6546 | D:5      | Killed a yak
  6547 | D:5      | Reached skill level 6 in Poison Magic
  6547 | D:5      | Reached XP level 7. HP: 27/27 MP: 3/14
  6562 | D:5      | Killed a yak
  6563 | D:5      | Killed a yak
  6564 | D:5      | Killed a yak
  6565 | D:5      | Reached XP level 8. HP: 31/31 MP: 6/16
  6629 | D:5      | Reached skill level 5 in Spellcasting
  7021 | D:5      | Reached skill level 7 in Poison Magic
  7676 | D:5      | Found a runed translucent gate.
  7680 | D:5      | Found a runed translucent gate.
  7680 | D:5      | Found a runed translucent gate.
  7681 | D:5      | Noticed p0werm0de's ghost (novice OpMo)
  9565 | D:7      | Reached skill level 5 in Conjurations
  9670 | D:7      | Found a staircase to the Ecumenical Temple.
  9674 | D:7      | Noticed Joseph
  9686 | D:7      | Shot with a sling bullet by Joseph
  9687 | D:7      | Reached XP level 7. HP: -8/27 MP: 0/25
  9702 | D:7      | Killed Joseph
  9703 | D:7      | Reached skill level 8 in Poison Magic
  9703 | D:7      | Reached XP level 8. HP: 31/31 MP: 17/17
 10058 | Temple   | Entered the Ecumenical Temple
 10081 | Temple   | Became a worshipper of Sif Muna the Loreminder
 10804 | D:7      | Identified the +3 ring mail of the Game of Life {+Blink
                  | Stlth+}
 10901 | D:7      | Noticed a komodo dragon
 10908 | D:7      | Reached skill level 9 in Poison Magic
 10910 | D:7      | Killed a komodo dragon
 10911 | D:7      | Reached skill level 1 in Fighting
 10911 | D:7      | Reached XP level 9. HP: 35/35 MP: 9/19
 11868 | D:8      | Noticed Maggie
 11890 | D:8      | Killed Maggie
 12381 | D:8      | Reached * piety under Sif Muna
 12618 | D:8      | Reached XP level 10. HP: 40/40 MP: 21/21
 12624 | D:8      | Reached skill level 5 in Dodging
 12896 | D:8      | Reached skill level 10 in Poison Magic
 12956 | D:8      | Noticed a manticore
 12961 | D:8      | Killed a manticore
 13073 | D:8      | Reached skill level 1 in Invocations
 13886 | D:9      | Reached ** piety under Sif Muna
 13958 | D:9      | Noticed a sixfirhy
 14327 | D:9      | Reached XP level 11. HP: 46/46 MP: 23/23
 14522 | D:9      | Noticed Grum
 14538 | D:9      | Killed Grum
 15151 | D:1      | Bought 2 potions of curing for 78 gold pieces
 15151 | D:1      | Bought a potion of cancellation for 104 gold pieces
 15441 | D:10     | Entered Level 10 of the Dungeon
 15610 | D:10     | Identified the +1 cloak of Wuqomuw {rC+ Str-3 Int+5 Stlth+}
 15621 | D:10     | Found a transporter.
 15844 | D:10     | Found a transporter.
 16975 | D:11     | Noticed a boulder beetle
 16991 | D:10     | HP: 2/46 [vampire mosquito (2)]
 17282 | D:10     | Reached *** piety under Sif Muna
 17297 | D:10     | Slain by a boulder beetle
 17298 | D:10     | Reached XP level 10. HP: 0/43 MP: 7/31
 17308 | D:10     | Killed a boulder beetle
 17309 | D:10     | Reached skill level 11 in Poison Magic
 17442 | D:10     | Killed from afar by a swamp worm

Illustrated notes

Levels and vault maps discovered:
D:1:      enne_arrival_octagon_isle, layout_loops_ring, serial_shops,
          nicolae_square_shop, chequers_ecumenical_altar_grove, nicolae_titane
D:2:      layout_basic, serial_bayou_pond_c, uniq_crazy_yiuf_cottage,
          uniq_robin, uniq_sigmund, uniq_natasha
D:3:      layout_basic, grunt_temple_overflow_open, serial_park_tiny_2,
          chequers_serial_rivers_micro_c, minmay_misc_feat_room,
          minmay_misc_feat_doors
D:4:      layout_basic, grunt_temple_overflow_order_and_chaos_1,
          minmay_misc_feat_five, hangedman_decor_growths, st_stairs_3,
          serial_bayou_lagoon_a
D:5:      layout_gridville, grunt_temple_overflow_forces_of_nature,
          gammafunk_ghost_necromancy, portal_sewer_entry_d,
          kennysheep_generic_room_13
D:6:      layout_basic
D:7:      layout_loops_cross, minmay_temple_entry_statues_fountains,
          grunt_decor_clamped, minmay_lizard_king, uniq_joseph
D:8:      layout_basic, minmay_pinched_square, uniq_maggie
D:9:      layout_rooms, enter_bailey_3, grunt_decor_resistance, uniq_grum
D:10:     gammafunk_worm_tunnel, layout_loops_cross
D:11:     layout_roguey, due_lair_maze_entry_diamond
Temple:   regret_index_temple_sphere_string

Skill      XL: |  1  2  3  4  5  6  7  8  9 10 11 |
---------------+----------------------------------+-----
Poison Magic   | 3 4 6 8 9 11 | 11.0
Spellcasting   | 3 4 6 7 |  7.8
Conjurations   | 2 3 4 6 7 |  7.5
Fighting       | 1 2 4 |  4.8
Dodging        | 3 4 7 |  7.0
Invocations    | 2 3 |  3.3
Transmutations | 4 |  4.0
Stealth        | |  2.6

Action                   |  1- 3 |  4- 6 |  7- 9 | 10-12 || total
-------------------------+-------+-------+-------+-------++-------
Melee: Unarmed           |     6 |    13 |    14 |    31 ||    64
       Punch             |     1 |       |     1 |       ||     2
       Bite              |       |     1 |     1 |    10 ||    12
 Cast: Sting             |    54 |    68 |    27 |    11 ||   160
       Poisonous Vapours |    15 |    41 |       |       ||    56
       Mephitic Cloud    |     1 |     4 |       |       ||     5
       Foxfire           |       |    40 |    56 |    75 ||   171
       Olgreb's Toxic Ra |       |    10 |    52 |    45 ||   107
       Ignite Poison     |       |       |    36 |    38 ||    74
Evoke: Wand              |       |       |       |     2 ||     2
  Use: Scroll            |       |     8 |     9 |     9 ||    26
       Potion            |       |     1 |     1 |     1 ||     3
 Stab: Sleeping          |       |       |     1 |       ||     1
Armor: Skin              |     1 |     5 |     3 |     4 ||    13
Dodge: Dodged            |    27 |    39 |    98 |   196 ||   360
